Lightning vs Panthers
(R1)
Created - April 20, 2023 at 23:24
Goals
|
| Lightning |
0 |
2 |
2 |
4 |
| Panthers |
4 |
1 |
3 |
8 |
|
Shots
|
| Lightning |
8 |
15 |
10 |
33 |
| Panthers |
15 |
9 |
8 |
32 |
|
1st period
1. Panthers , Blake Geoffrion 6 (Miro Aaltonen 31) at 3:59 (PP)
2. Panthers , Josh Jooris 5 (Daultan Leveillé 7, Alexander Semin 18) at 7:27
3. Panthers , Kris Versteeg 23 (Will Butcher 21) at 10:16
4. Panthers , Josh Jooris 6 (Alexander Semin 19) at 12:12
Penalties :
John Carlson (T.B) for Holding Stick (Minor) at 3:53, Shea Weber (Flo) for Fighting (Major) at 12:30, Evgeni Malkin (T.B) for Fighting (Major) at 12:30, Shayne Gostisbehere (T.B) for High sticking (Minor) at 17:14
2nd period
5. Panthers , Miro Aaltonen 18 (Kris Versteeg 26, Blake Geoffrion 3) at 8:32
6. Lightning , John Carlson 8 (Artemi Panarin 29) at 9:10 (PP)
7. Lightning , Ben Smith 27 (Victor Hedman 20, Yanni Gourde 28) at 14:15
Penalties :
Daultan Leveillé (Flo) for Hooking (Minor) at 0:25, Chris Bourque (Flo) for Holding (Minor) at 5:05, Shea Weber (Flo) for High sticking (Minor) at 8:56, Ben Smith (T.B) for Hooking (Minor) at 16:42
3rd period
8. Lightning , Brendan Lemieux 16 (Ben Smith 32, Yanni Gourde 29) at 4:21
9. Lightning , Shayne Gostisbehere 3 (Evgeni Malkin 31, Artemi Panarin 30) at 4:55
10. Panthers , Blake Geoffrion 7 (Miro Aaltonen 32) at 8:38 (PP)
11. Panthers , Chris Bourque 16 (Drew Stafford 2, Brian Flynn 7) at 8:46
12. Panthers , Miro Aaltonen 19 (Will Butcher 22, Drew Stafford 3) at 9:02 (PP)
Penalties :
Patrice Bergeron (T.B) for Tripping (Minor) at 1:11, Brent Seabrook (T.B) for Interference (Minor) at 6:01, Antoine Vermette (T.B) for Holding (Minor) at 8:33, Kasperi Kapanen (T.B) for Slashing (Minor) at 8:49, Thomas Vanek (Flo) for Hooking (Minor) at 16:01, Alex Killorn (T.B) for Goalie Interference (Minor) at 19:58
Goalie Stats
Alex Nedeljkovic (T.B), 5 saves from 9 shots - (0.556), 12:12 minutes
Jimmy Howard (T.B), 19 saves from 23 shots - (0.826), L, 6-6-1, 47:48 minutes
Viktor Fasth (Flo), 29 saves from 33 shots - (0.879), W, 13-13-4, 60:00 minutes
Players Stats for Lightning
Player Name G A P +/- PIM S H SB GA TA FO MP PP MP PK MP
------------------------------------------------------------------------------------
Alex Killorn 0 0 0 -1 2 1 0 0 0 0 0/0 10:08 0:00 1:46
Antoine Vermette 0 0 0 -1 2 0 1 2 0 0 3/6 8:56 0:00 1:09
Artemi Panarin 0 2 2 0 0 1 3 0 0 0 0/0 21:47 3:37 2:20
Ben Smith 1 1 2 0 2 3 0 0 2 0 1/2 14:38 0:00 3:38
Brendan Lemieux 1 0 1 0 0 3 1 1 1 0 0/1 16:27 2:34 2:24
Brent Seabrook 0 0 0 -2 2 1 0 1 1 1 0/0 28:10 3:59 4:02
Brock Boeser 0 0 0 -1 0 1 3 0 0 0 0/3 14:22 2:34 0:00
Evgeni Malkin 0 1 1 0 5 2 3 1 0 0 21/33 22:21 3:37 4:38
Jesper Fast 0 0 0 -1 0 0 1 1 0 0 0/0 7:48 0:00 0:00
Jimmy Vesey 0 0 0 -1 0 3 1 0 0 0 0/0 10:28 0:00 0:00
Jiri Fischer 0 0 0 -1 0 1 0 2 0 0 0/0 11:37 0:00 0:37
John Carlson 1 0 1 -2 2 5 4 1 3 3 0/0 29:57 3:59 5:12
Kasperi Kapanen 0 0 0 0 2 2 1 0 0 0 1/1 19:21 3:37 0:00
Michael Kostka 0 0 0 1 0 1 1 2 0 0 0/0 16:54 0:00 2:53
Patrice Bergeron 0 0 0 -1 2 3 0 0 0 0 4/6 11:58 0:00 1:07
Shayne Gostisbehere 1 0 1 1 2 2 1 1 1 1 0/0 19:32 2:12 2:49
Victor Hedman 0 1 1 -1 0 2 2 1 0 2 0/0 14:01 2:12 1:09
Yanni Gourde 0 2 2 0 0 2 1 0 1 0 6/11 13:25 2:34 0:00
Players Stats for Panthers
Player Name G A P +/- PIM S H SB GA TA FO MP PP MP PK MP
------------------------------------------------------------------------------------
Alexander Semin 0 2 2 1 0 1 2 0 1 0 0/1 12:39 0:42 2:34
Blake Geoffrion 2 1 3 1 0 2 1 0 0 1 0/0 17:48 4:31 0:24
Brian Flynn 0 1 1 0 0 1 2 0 0 0 14/31 19:10 0:00 3:09
Cameron Gaunce 0 0 0 -1 0 0 2 3 0 0 0/0 24:17 3:21 0:00
Chris Bourque 1 0 1 0 2 2 2 0 0 0 0/1 20:28 3:39 0:00
Daultan Leveillé 0 1 1 1 2 1 0 1 0 0 0/6 11:15 0:00 1:44
Drew Stafford 0 2 2 0 0 6 2 1 1 1 0/0 20:28 4:00 0:00
Jerry D'Amigo 0 0 0 0 0 1 0 0 0 0 0/0 7:04 0:00 0:00
John Draeger 0 0 0 0 0 1 0 1 0 0 0/0 16:17 0:00 2:44
Josh Jooris 2 0 2 1 0 3 4 0 0 0 0/0 8:40 0:00 0:00
Kris Versteeg 1 1 2 1 0 3 1 0 1 0 1/1 19:26 3:50 3:13
Miro Aaltonen 2 2 4 1 0 3 1 1 1 3 9/19 18:24 4:31 1:10
Morgan Ellis 0 0 0 0 0 2 0 0 0 1 0/0 15:54 0:00 3:27
Niklas Hansson 0 0 0 3 0 0 2 0 0 0 0/0 18:51 2:39 3:27
Quinton Howden 0 0 0 0 0 0 0 1 1 0 3/4 11:20 3:50 0:08
Shea Weber 0 0 0 -1 7 0 0 1 0 0 0/0 23:44 5:00 2:44
Thomas Vanek 0 0 0 0 2 0 0 0 0 0 0/0 7:04 0:00 0:00
Will Butcher 0 2 2 3 0 6 3 1 2 3 0/0 20:55 5:42 0:00
3 Stars
1 - Miro Aaltonen (Flo)
2 - Blake Geoffrion (Flo)
3 - Josh Jooris (Flo)
Power Play
Lightning - 1 on 4 Attempt(s) - 25.00%
Panthers - 3 on 8 Attempt(s) - 37.50%
Penalty Kill
Lightning - 5 on 8 Attempt(s) - 62.50%
- Score 0 goal in Penalty Kill
Panthers - 3 on 4 Attempt(s) - 75.00%
- Score 0 goal in Penalty Kill
Team Stat
Lightning - Hits : 23 - Faceoff Wins : 36 - Blocked Shots : 13 - Penalty Minutes : 21
Panthers - Hits : 22 - Faceoff Wins : 27 - Blocked Shots : 10 - Penalty Minutes : 13
Official
Referees : Corey Syvret and Brandon Schrader
Linesman : Trent Knorr and Greg Devorski
Game Notes
Jimmy Howard enters game at 12:12 of 1st period
Evgeni Malkin beats up Shea Weber at 12:30 of 1st period
Finance
Level 1 -- Attendance: 5966 (99.43%) -- Ticket Income $596,600
Level 2 -- Attendance: 5000 (100.00%) -- Ticket Income $300,000
Level 3 -- Attendance: 1941 (97.05%) -- Ticket Income $67,935
Level 4 -- Attendance: 4000 (100.00%) -- Ticket Income $100,000
Luxury Box -- Attendance: 870 (87.00%) -- Ticket Income $174,000
Game was played at the BBT Center.
Total Attendance: 17777 (98.76%)
Total Ticket Income: $1,238,535
Other Income: $185,780
Total Income: $1,424,315
Lightning
5 vs 5 Forward
Center Left Wing Right Wing Time % Phy DF OF
1 Evgeni Malkin Artemi Panarin Kasperi Kapanen 40 1 2 2
2 Yanni Gourde Brendan Lemieux Ben Smith 30 1 2 2
3 Patrice Bergeron Jimmy Vesey Brock Boeser 20 1 2 2
4 Antoine Vermette Alex Killorn Jesper Fast 10 1 2 2
5 vs 5 Defense
Defense Defense Time % Phy DF OF
1 John Carlson Brent Seabrook 40 1 2 2
2 Michael Kostka Shayne Gostisbehere 30 1 2 2
3 Victor Hedman Jiri Fischer 20 1 2 2
4 John Carlson Brent Seabrook 10 1 2 2
PowerPlay Forward
Center Left Wing Right Wing Time % Phy DF OF
1 Evgeni Malkin Artemi Panarin Kasperi Kapanen 60 1 2 2
2 Yanni Gourde Brendan Lemieux Brock Boeser 40 1 2 2
PowerPlay Defense
Defense Defense Time % Phy DF OF
1 John Carlson Brent Seabrook 60 1 2 2
2 Victor Hedman Shayne Gostisbehere 40 1 2 2
Penalty Kill 4 Players Forward
Center Wing Time % Phy DF OF
1 Evgeni Malkin Ben Smith 60 1 2 2
2 Patrice Bergeron Artemi Panarin 40 1 2 2
Penalty Kill 4 Players Defense
Defense Defense Time % Phy DF OF
1 John Carlson Brent Seabrook 60 1 2 2
2 Michael Kostka Shayne Gostisbehere 40 1 2 2
Penalty Kill - 3 Players Forward
Forward Time % Phy DF OF
1 Evgeni Malkin 60 1 2 2
2 Patrice Bergeron 40 1 2 2
Penalty Kill - 3 Players Defense
Defense Defense Time % Phy DF OF
1 John Carlson Brent Seabrook 60 1 2 2
2 Michael Kostka Shayne Gostisbehere 40 1 2 2
4 vs 4 Forward
Center Wing Time % Phy DF OF
1 Evgeni Malkin Artemi Panarin 60 1 2 2
2 Patrice Bergeron Ben Smith 40 1 2 2
4 vs 4 Defense
Defense Defense Time % Phy DF OF
1 John Carlson Brent Seabrook 60 1 2 2
2 Michael Kostka Shayne Gostisbehere 40 1 2 2
Last Minutes Offensive
Center Left Wing Right Wing Defense Defense
Evgeni Malkin Artemi Panarin Kasperi Kapanen John Carlson Shayne Gostisbehere
Last Minutes Defensive
Center Left Wing Right Wing Defense Defense
Evgeni Malkin Artemi Panarin Ben Smith John Carlson Brent Seabrook
Goaltenders
Starting : Alex Nedeljkovic
Backup : Jimmy Howard
Extra Forwards
Normal : Brock Boeser, Kasperi Kapanen, Jimmy Vesey - PP : Jimmy Vesey, Kasperi Kapanen - PK : Brendan Lemieux
Extra Defensemen
Normal : Shayne Gostisbehere, Victor Hedman, Jiri Fischer - PP : Shayne Gostisbehere - PK : Shayne Gostisbehere, Victor Hedman
Penalty Shots
Evgeni Malkin, Patrice Bergeron, Artemi Panarin, Yanni Gourde, Kasperi Kapanen
Scratches
Jonathan Sigalet (Strained Right Knee Injury), Scott Mayfield (Healthy)
Panthers
5 vs 5 Forward
Center Left Wing Right Wing Time % Phy DF OF
1 Brian Flynn Chris Bourque Drew Stafford 40 1 2 2
2 Miro Aaltonen Blake Geoffrion Kris Versteeg 30 1 2 2
3 Daultan Leveillé Alexander Semin Josh Jooris 20 1 2 2
4 Quinton Howden Thomas Vanek Jerry D'Amigo 10 1 2 2
5 vs 5 Defense
Defense Defense Time % Phy DF OF
1 Shea Weber Cameron Gaunce 40 1 2 2
2 Will Butcher Niklas Hansson 30 1 2 2
3 John Draeger Morgan Ellis 20 1 2 2
4 Will Butcher Cameron Gaunce 10 1 2 2
PowerPlay Forward
Center Left Wing Right Wing Time % Phy DF OF
1 Miro Aaltonen Blake Geoffrion Drew Stafford 60 1 2 2
2 Quinton Howden Chris Bourque Kris Versteeg 40 1 2 2
PowerPlay Defense
Defense Defense Time % Phy DF OF
1 Shea Weber Will Butcher 60 1 2 2
2 Niklas Hansson Cameron Gaunce 40 1 2 2
Penalty Kill 4 Players Forward
Center Wing Time % Phy DF OF
1 Brian Flynn Kris Versteeg 60 1 2 2
2 Daultan Leveillé Alexander Semin 40 1 2 2
Penalty Kill 4 Players Defense
Defense Defense Time % Phy DF OF
1 Niklas Hansson Morgan Ellis 60 1 2 2
2 John Draeger Shea Weber 40 1 2 2
Penalty Kill - 3 Players Forward
Forward Time % Phy DF OF
1 Brian Flynn 60 1 2 2
2 Kris Versteeg 40 1 2 2
Penalty Kill - 3 Players Defense
Defense Defense Time % Phy DF OF
1 Niklas Hansson Morgan Ellis 60 1 2 2
2 John Draeger Shea Weber 40 1 2 2
4 vs 4 Forward
Center Wing Time % Phy DF OF
1 Miro Aaltonen Kris Versteeg 60 1 2 2
2 Brian Flynn Blake Geoffrion 40 1 2 2
4 vs 4 Defense
Defense Defense Time % Phy DF OF
1 Shea Weber Cameron Gaunce 60 1 2 2
2 Will Butcher Niklas Hansson 40 1 2 2
Last Minutes Offensive
Center Left Wing Right Wing Defense Defense
Miro Aaltonen Blake Geoffrion Drew Stafford Shea Weber Will Butcher
Last Minutes Defensive
Center Left Wing Right Wing Defense Defense
Brian Flynn Alexander Semin Kris Versteeg Niklas Hansson Morgan Ellis
Goaltenders
Starting : Viktor Fasth
Backup : Ville Husso
Extra Forwards
Normal : Blake Geoffrion, Thomas Vanek, Miro Aaltonen - PP : Alexander Semin, Thomas Vanek - PK : Daultan Leveillé
Extra Defensemen
Normal : Will Butcher, Shea Weber, Niklas Hansson - PP : Will Butcher - PK : Shea Weber, Niklas Hansson
Penalty Shots
Alexander Semin, Kris Versteeg, Brian Flynn, Miro Aaltonen, Blake Geoffrion
Scratches
Alex Goligoski (Suspend), Alex Iafallo (Broken Nose Injury), Bryce Lampman (Healthy), Dave Bolland (Healthy)
% Time on Ice - Lightning
Lines # - Real PCT - Wanted PCT - Time Play
Normal Forward
1 - 36% - 40% - 16:23
2 - 24% - 30% - 10:56
3 - 23% - 20% - 10:21
4 - 17% - 10% - 7:48
Normal Defense
1 - 40% - 40% - 18:24
2 - 33% - 30% - 15:13
3 - 22% - 20% - 10:05
4 - 4% - 10% - 1:46
PP Forward
1 - 58% - 60% - 3:37
2 - 42% - 40% - 2:34
PP Defense
1 - 64% - 60% - 3:59
2 - 36% - 40% - 2:12
PK Forward
1 - 76% - 60% - 6:21
2 - 24% - 40% - 2:00
PK Defense
1 - 65% - 60% - 5:28
2 - 35% - 40% - 2:53
PK3 Forward
1 - 0% - 60%
2 - 0% - 40%
PK3 Defense
1 - 0% - 60%
2 - 0% - 40%
44 Forward
1 - 0% - 60%
2 - 0% - 40%
44 Defense
1 - 0% - 60%
2 - 0% - 40%
Last Minute Offensive - 0:00
Last Minute Defensive - 0:00
Total
Forward - 60:00
Defense - 60:00
|
% Time on Ice - Panthers
Lines # - Real PCT - Wanted PCT - Time Play
Normal Forward
1 - 38% - 40% - 17:21
2 - 27% - 30% - 12:23
3 - 19% - 20% - 8:40
4 - 16% - 10% - 7:04
Normal Defense
1 - 39% - 40% - 17:47
2 - 28% - 30% - 12:38
3 - 27% - 20% - 12:26
4 - 6% - 10% - 2:37
PP Forward
1 - 54% - 60% - 4:31
2 - 46% - 40% - 3:50
PP Defense
1 - 68% - 60% - 5:42
2 - 32% - 40% - 2:39
PK Forward
1 - 83% - 60% - 5:09
2 - 17% - 40% - 1:02
PK Defense
1 - 56% - 60% - 3:27
2 - 44% - 40% - 2:44
PK3 Forward
1 - 0% - 60%
2 - 0% - 40%
PK3 Defense
1 - 0% - 60%
2 - 0% - 40%
44 Forward
1 - 0% - 60%
2 - 0% - 40%
44 Defense
1 - 0% - 60%
2 - 0% - 40%
Last Minute Offensive - 0:00
Last Minute Defensive - 0:00
Total
Forward - 60:00
Defense - 60:00
|
Play-by-Play
1st period
0:01 of 1st period - Brian Flynn wins face-off versus Evgeni Malkin in neutral zone.
0:32 of 1st period - Slapshot by Will Butcher.
0:32 of 1st period - Stopped by Alex Nedeljkovic without a rebound.
0:33 of 1st period - Patrice Bergeron wins face-off versus Daultan Leveillé in Lightning zone.
0:33 of 1st period - Patrice Bergeron is hit by Alexander Semin.
1:06 of 1st period - Snap shot by Jesper Fast.
1:06 of 1st period - Shot Blocked by Quinton Howden.
1:42 of 1st period - Kasperi Kapanen is hit by Brian Flynn.
1:48 of 1st period - Chris Bourque is hit by Artemi Panarin and loses puck.
2:09 of 1st period - Wrist shot by Alexander Semin.
2:09 of 1st period - Deflect By Josh Jooris.
2:09 of 1st period - Stopped by Alex Nedeljkovic without a rebound.
2:10 of 1st period - Yanni Gourde wins face-off versus Miro Aaltonen in Lightning zone.
3:05 of 1st period - Icing by Jimmy Vesey.
3:06 of 1st period - Miro Aaltonen wins face-off versus Patrice Bergeron in Lightning zone.
3:07 of 1st period - Snap shot by Kris Versteeg.
3:07 of 1st period - Stopped by Alex Nedeljkovic without a rebound.
3:08 of 1st period - Evgeni Malkin wins face-off versus Miro Aaltonen in Lightning zone.
3:18 of 1st period - Wrist shot by Miro Aaltonen.
3:18 of 1st period - Deflect By Kris Versteeg.
3:18 of 1st period - Stopped by Alex Nedeljkovic with a rebound.
3:24 of 1st period - Snap shot by Evgeni Malkin.
3:24 of 1st period - Shot Misses the Net.
3:36 of 1st period - Brent Seabrook is hit by Drew Stafford and loses puck.
3:41 of 1st period - Wrist shot by Chris Bourque.
3:41 of 1st period - Shot Blocked by John Carlson.
3:43 of 1st period - Slapshot by Morgan Ellis.
3:43 of 1st period - Shot Misses the Net.
3:53 of 1st period - Minor Penalty to John Carlson for Holding Stick.
3:54 of 1st period - Miro Aaltonen wins face-off versus Ben Smith in Lightning zone.
3:59 of 1st period - Wrist shot by Blake Geoffrion.
3:59 of 1st period - Goal by Blake Geoffrion - Lightning : 0 - Panthers : 1.
4:00 of 1st period - Evgeni Malkin wins face-off versus Brian Flynn in neutral zone.
4:37 of 1st period - Niklas Hansson is hit by Kasperi Kapanen and loses puck.
4:54 of 1st period - Brock Boeser is hit by Miro Aaltonen and loses puck.
5:01 of 1st period - Slapshot by Victor Hedman.
5:01 of 1st period - Shot Misses the Net.
5:37 of 1st period - Slapshot by Cameron Gaunce.
5:37 of 1st period - Shot Blocked by Michael Kostka.
5:45 of 1st period - Michael Kostka is hit by Cameron Gaunce and loses puck.
6:04 of 1st period - Slapshot by Shayne Gostisbehere.
6:04 of 1st period - Stopped by Viktor Fasth without a rebound.
6:05 of 1st period - Miro Aaltonen wins face-off versus Evgeni Malkin in Panthers zone.
6:55 of 1st period - Wrist shot by Will Butcher.
6:55 of 1st period - Stopped by Alex Nedeljkovic with a rebound.
7:27 of 1st period - Snap shot by Josh Jooris.
7:27 of 1st period - Goal by Josh Jooris - Lightning : 0 - Panthers : 2.
7:28 of 1st period - Evgeni Malkin wins face-off versus Brian Flynn in neutral zone.
7:31 of 1st period - Brian Flynn is hit by Evgeni Malkin and loses puck.
7:54 of 1st period - Yanni Gourde is hit by Cameron Gaunce and loses puck.
8:19 of 1st period - Snap shot by Miro Aaltonen.
8:19 of 1st period - Shot Misses the Net.
8:29 of 1st period - Kris Versteeg is hit by Brock Boeser.
9:27 of 1st period - Snap shot by Brock Boeser.
9:27 of 1st period - Stopped by Viktor Fasth with a rebound.
10:00 of 1st period - Icing by Miro Aaltonen.
10:01 of 1st period - Yanni Gourde wins face-off versus Miro Aaltonen in Panthers zone.
10:16 of 1st period - Slapshot by Kris Versteeg.
10:16 of 1st period - Goal by Kris Versteeg - Lightning : 0 - Panthers : 3.
10:17 of 1st period - Brian Flynn wins face-off versus Evgeni Malkin in neutral zone.
11:25 of 1st period - Kris Versteeg is hit by Evgeni Malkin and loses puck.
11:32 of 1st period - Niklas Hansson is hit by John Carlson and loses puck.
11:49 of 1st period - Ben Smith is hit by Brian Flynn and loses puck.
12:12 of 1st period - Snap shot by Josh Jooris.
12:12 of 1st period - Goal by Josh Jooris - Lightning : 0 - Panthers : 4.
12:12 of 1st period - Jimmy Howard enters game.
12:13 of 1st period - Evgeni Malkin wins face-off versus Brian Flynn in neutral zone.
12:30 of 1st period - Snap shot by Drew Stafford.
12:30 of 1st period - Stopped by Jimmy Howard without a rebound.
12:30 of 1st period - Evgeni Malkin beats up Shea Weber.
12:30 of 1st period - Penalty to Shea Weber for Fighting.
12:30 of 1st period - Penalty to Evgeni Malkin for Fighting.
12:31 of 1st period - Brian Flynn wins face-off versus Brock Boeser in Lightning zone.
13:08 of 1st period - Cameron Gaunce is hit by Yanni Gourde and loses puck.
13:25 of 1st period - Jiri Fischer is hit by Alexander Semin and loses puck.
13:34 of 1st period - Slapshot by Josh Jooris.
13:34 of 1st period - Shot Misses the Net.
13:36 of 1st period - Snap shot by Daultan Leveillé.
13:36 of 1st period - Deflect By Alexander Semin.
13:36 of 1st period - Shot Misses the Net.
13:36 of 1st period - Puck is out of play.
13:37 of 1st period - Brian Flynn wins face-off versus Brock Boeser in Lightning zone.
13:40 of 1st period - Snap shot by Brian Flynn.
13:40 of 1st period - Stopped by Jimmy Howard with a rebound.
13:42 of 1st period - Snap shot by Drew Stafford.
13:42 of 1st period - Stopped by Jimmy Howard with a rebound.
13:44 of 1st period - Slapshot by John Draeger.
13:44 of 1st period - Stopped by Jimmy Howard with a rebound.
13:46 of 1st period - Slapshot by John Draeger.
13:46 of 1st period - Shot Misses the Net.
13:48 of 1st period - Wrist shot by Chris Bourque.
13:48 of 1st period - Stopped by Jimmy Howard with a rebound.
14:11 of 1st period - Snap shot by Yanni Gourde.
14:11 of 1st period - Stopped by Viktor Fasth with a rebound.
14:13 of 1st period - Wrist shot by Ben Smith.
14:13 of 1st period - Stopped by Viktor Fasth with a rebound.
14:15 of 1st period - Slapshot by Yanni Gourde.
14:15 of 1st period - Shot Misses the Net.
14:17 of 1st period - Snap shot by Michael Kostka.
14:17 of 1st period - Stopped by Viktor Fasth without a rebound.
14:18 of 1st period - Antoine Vermette wins face-off versus Brian Flynn in Panthers zone.
14:29 of 1st period - Snap shot by Brent Seabrook.
14:29 of 1st period - Stopped by Viktor Fasth with a rebound.
15:33 of 1st period - Wrist shot by Alex Killorn.
15:33 of 1st period - Shot Blocked by Will Butcher.
15:35 of 1st period - Backhand shot by Alex Killorn.
15:35 of 1st period - Stopped by Viktor Fasth with a rebound.
15:37 of 1st period - Slapshot by John Carlson.
15:37 of 1st period - Shot Misses the Net.
16:12 of 1st period - Snap shot by Brendan Lemieux.
16:12 of 1st period - Shot Misses the Net.
16:16 of 1st period - Wrist shot by Brendan Lemieux.
16:16 of 1st period - Stopped by Viktor Fasth without a rebound.
16:17 of 1st period - Brian Flynn wins face-off versus Brock Boeser in Panthers zone.
16:24 of 1st period - Snap shot by Brian Flynn.
16:24 of 1st period - Shot Misses the Net.
16:30 of 1st period - Chris Bourque is hit by Victor Hedman and loses puck.
16:41 of 1st period - Niklas Hansson is hit by Victor Hedman and loses puck.
17:14 of 1st period - Minor Penalty to Shayne Gostisbehere for High sticking.
17:15 of 1st period - Miro Aaltonen wins face-off versus Brendan Lemieux in Lightning zone.
17:30 of 1st period - Penalty to Evgeni Malkin is over, Evgeni Malkin is back on ice.
17:36 of 1st period - Brendan Lemieux is hit by Kris Versteeg.
17:40 of 1st period - Chris Bourque is hit by Evgeni Malkin.
17:44 of 1st period - Evgeni Malkin is hit by Will Butcher and loses puck.
18:33 of 1st period - Michael Kostka is hit by Will Butcher and loses puck.
19:14 of 1st period - Penalty to Shayne Gostisbehere is over, Shayne Gostisbehere is back on ice.
19:30 of 1st period - Snap shot by Alexander Semin.
19:30 of 1st period - Stopped by Jimmy Howard with a rebound.
Goals for this period are 0 for Lightning vs 4 for Panthers.
Shots for this period are 8 for Lightning vs 15 for Panthers.
2nd period
0:01 of 2nd period - Evgeni Malkin wins face-off versus Brian Flynn in neutral zone.
0:14 of 2nd period - Slapshot by Will Butcher.
0:14 of 2nd period - Stopped by Jimmy Howard with a rebound.
0:16 of 2nd period - Slapshot by Niklas Hansson.
0:16 of 2nd period - Shot Misses the Net.
0:25 of 2nd period - Minor Penalty to Daultan Leveillé for Hooking.
0:26 of 2nd period - Brian Flynn wins face-off versus Evgeni Malkin in Panthers zone.
0:26 of 2nd period - Brian Flynn is hit by Artemi Panarin.
0:42 of 2nd period - Wrist shot by Brent Seabrook.
0:42 of 2nd period - Shot Misses the Net.
2:05 of 2nd period - John Draeger is hit by Artemi Panarin and loses puck.
2:25 of 2nd period - Penalty to Daultan Leveillé is over, Daultan Leveillé is back on ice.
2:32 of 2nd period - Wrist shot by Alex Killorn.
2:32 of 2nd period - Shot Blocked by Daultan Leveillé.
2:34 of 2nd period - Slapshot by Jiri Fischer.
2:34 of 2nd period - Stopped by Viktor Fasth without a rebound.
2:35 of 2nd period - Antoine Vermette wins face-off versus Quinton Howden in Panthers zone.
2:36 of 2nd period - Wrist shot by Jesper Fast.
2:36 of 2nd period - Shot Blocked by Cameron Gaunce.
2:38 of 2nd period - Slapshot by Victor Hedman.
2:38 of 2nd period - Stopped by Viktor Fasth without a rebound.
2:39 of 2nd period - Quinton Howden wins face-off versus Antoine Vermette in Panthers zone.
2:56 of 2nd period - Thomas Vanek is hit by Antoine Vermette and loses puck.
3:06 of 2nd period - Will Butcher is hit by Shayne Gostisbehere and loses puck.
3:09 of 2nd period - Snap shot by Quinton Howden.
3:09 of 2nd period - Shot Blocked by Michael Kostka.
3:15 of 2nd period - Backhand shot by Jerry D'Amigo.
3:15 of 2nd period - Stopped by Jimmy Howard without a rebound.
3:16 of 2nd period - Evgeni Malkin wins face-off versus Brian Flynn in Lightning zone.
4:07 of 2nd period - Brock Boeser is hit by Josh Jooris and loses puck.
5:05 of 2nd period - Minor Penalty to Chris Bourque for Holding.
5:06 of 2nd period - Evgeni Malkin wins face-off versus Brian Flynn in Panthers zone.
7:05 of 2nd period - Penalty to Chris Bourque is over, Chris Bourque is back on ice.
7:17 of 2nd period - Shea Weber is hit by Jesper Fast and loses puck.
7:49 of 2nd period - Icing by Alexander Semin.
7:50 of 2nd period - Quinton Howden wins face-off versus Antoine Vermette in Panthers zone.
8:18 of 2nd period - Snap shot by Evgeni Malkin.
8:18 of 2nd period - Shot Blocked by Cameron Gaunce.
8:20 of 2nd period - Slapshot by John Carlson.
8:20 of 2nd period - Stopped by Viktor Fasth without a rebound.
8:21 of 2nd period - Kris Versteeg wins face-off versus Evgeni Malkin in Panthers zone.
8:30 of 2nd period - Snap shot by Kris Versteeg.
8:30 of 2nd period - Shot Blocked by Jiri Fischer.
8:32 of 2nd period - Wrist shot by Miro Aaltonen.
8:32 of 2nd period - Goal by Miro Aaltonen - Lightning : 0 - Panthers : 5.
8:33 of 2nd period - Evgeni Malkin wins face-off versus Brian Flynn in neutral zone.
8:36 of 2nd period - Slapshot by Artemi Panarin.
8:36 of 2nd period - Stopped by Viktor Fasth with a rebound.
8:56 of 2nd period - Minor Penalty to Shea Weber for High sticking.
8:57 of 2nd period - Evgeni Malkin wins face-off versus Brian Flynn in Panthers zone.
9:08 of 2nd period - Snap shot by Artemi Panarin.
9:08 of 2nd period - Shot Misses the Net.
9:10 of 2nd period - Slapshot by John Carlson.
9:10 of 2nd period - Goal by John Carlson - Lightning : 1 - Panthers : 5.
9:11 of 2nd period - Evgeni Malkin wins face-off versus Brian Flynn in neutral zone.
9:16 of 2nd period - Wrist shot by Kasperi Kapanen.
9:16 of 2nd period - Stopped by Viktor Fasth without a rebound.
9:17 of 2nd period - Brian Flynn wins face-off versus Evgeni Malkin in Panthers zone.
10:53 of 2nd period - Off-side.
10:54 of 2nd period - Miro Aaltonen wins face-off versus Evgeni Malkin in neutral zone.
10:59 of 2nd period - Slapshot by Morgan Ellis.
10:59 of 2nd period - Stopped by Jimmy Howard without a rebound.
11:00 of 2nd period - Evgeni Malkin wins face-off versus Miro Aaltonen in Lightning zone.
11:09 of 2nd period - Snap shot by Kasperi Kapanen.
11:09 of 2nd period - Shot Blocked by Miro Aaltonen.
11:12 of 2nd period - Icing by Morgan Ellis.
11:13 of 2nd period - Miro Aaltonen wins face-off versus Evgeni Malkin in Panthers zone.
12:06 of 2nd period - Wrist shot by Artemi Panarin.
12:06 of 2nd period - Shot Blocked by John Draeger.
12:18 of 2nd period - Artemi Panarin is hit by Blake Geoffrion and loses puck.
12:57 of 2nd period - Slapshot by Kasperi Kapanen.
12:57 of 2nd period - Stopped by Viktor Fasth with a rebound.
14:03 of 2nd period - Wrist shot by Evgeni Malkin.
14:03 of 2nd period - Stopped by Viktor Fasth without a rebound.
14:04 of 2nd period - Brian Flynn wins face-off versus Yanni Gourde in Panthers zone.
14:13 of 2nd period - Snap shot by Yanni Gourde.
14:13 of 2nd period - Stopped by Viktor Fasth with a rebound.
14:15 of 2nd period - Slapshot by Victor Hedman.
14:15 of 2nd period - Deflect By Ben Smith.
14:15 of 2nd period - Goal by Ben Smith - Lightning : 2 - Panthers : 5.
14:16 of 2nd period - Brian Flynn wins face-off versus Yanni Gourde in neutral zone.
14:26 of 2nd period - Icing by Victor Hedman.
14:27 of 2nd period - Brian Flynn wins face-off versus Yanni Gourde in Lightning zone.
14:28 of 2nd period - Snap shot by Drew Stafford.
14:28 of 2nd period - Shot Misses the Net.
14:30 of 2nd period - Snap shot by Chris Bourque.
14:30 of 2nd period - Shot Misses the Net.
14:32 of 2nd period - Snap shot by Drew Stafford.
14:32 of 2nd period - Stopped by Jimmy Howard with a rebound.
14:34 of 2nd period - Snap shot by Shea Weber.
14:34 of 2nd period - Shot Blocked by Jiri Fischer.
14:36 of 2nd period - Snap shot by Drew Stafford.
14:36 of 2nd period - Stopped by Jimmy Howard with a rebound.
14:38 of 2nd period - Snap shot by Drew Stafford.
14:38 of 2nd period - Stopped by Jimmy Howard with a rebound.
14:40 of 2nd period - Snap shot by Brian Flynn.
14:40 of 2nd period - Shot Misses the Net.
14:42 of 2nd period - Slapshot by Shea Weber.
14:42 of 2nd period - Shot Blocked by Victor Hedman.
14:44 of 2nd period - Wrist shot by Drew Stafford.
14:44 of 2nd period - Stopped by Jimmy Howard without a rebound.
14:45 of 2nd period - Patrice Bergeron wins face-off versus Daultan Leveillé in Lightning zone.
15:16 of 2nd period - Slapshot by Michael Kostka.
15:16 of 2nd period - Shot Blocked by Shea Weber.
15:35 of 2nd period - Off-side.
15:36 of 2nd period - Quinton Howden wins face-off versus Antoine Vermette in neutral zone.
16:02 of 2nd period - Slapshot by Patrice Bergeron.
16:02 of 2nd period - Shot Misses the Net.
16:04 of 2nd period - Wrist shot by Brock Boeser.
16:04 of 2nd period - Shot Misses the Net.
16:06 of 2nd period - Slapshot by Patrice Bergeron.
16:06 of 2nd period - Stopped by Viktor Fasth without a rebound.
16:07 of 2nd period - Patrice Bergeron wins face-off versus Brian Flynn in Panthers zone.
16:12 of 2nd period - Wrist shot by Jimmy Vesey.
16:12 of 2nd period - Stopped by Viktor Fasth with a rebound.
16:16 of 2nd period - Slapshot by John Carlson.
16:16 of 2nd period - Deflect By Shea Weber.
16:16 of 2nd period - Stopped by Viktor Fasth with a rebound.
16:18 of 2nd period - Wrist shot by Jimmy Vesey.
16:18 of 2nd period - Shot Misses the Net.
16:24 of 2nd period - Wrist shot by Patrice Bergeron.
16:24 of 2nd period - Shot Misses the Net.
16:26 of 2nd period - Snap shot by Brock Boeser.
16:26 of 2nd period - Shot Blocked by Drew Stafford.
16:28 of 2nd period - Slapshot by John Carlson.
16:28 of 2nd period - Deflect By Brian Flynn.
16:28 of 2nd period - Stopped by Viktor Fasth with a rebound.
16:30 of 2nd period - Wrist shot by Jimmy Vesey.
16:30 of 2nd period - Stopped by Viktor Fasth without a rebound.
16:31 of 2nd period - Yanni Gourde wins face-off versus Daultan Leveillé in Panthers zone.
16:40 of 2nd period - Slapshot by Will Butcher.
16:40 of 2nd period - Stopped by Jimmy Howard with a rebound.
16:42 of 2nd period - Minor Penalty to Ben Smith for Hooking.
16:43 of 2nd period - Miro Aaltonen wins face-off versus Evgeni Malkin in Lightning zone.
17:38 of 2nd period - Snap shot by Blake Geoffrion.
17:38 of 2nd period - Shot Misses the Net.
17:40 of 2nd period - Slapshot by Cameron Gaunce.
17:40 of 2nd period - Shot Blocked by Shayne Gostisbehere.
18:42 of 2nd period - Penalty to Ben Smith is over, Ben Smith is back on ice.
18:57 of 2nd period - Slapshot by Victor Hedman.
18:57 of 2nd period - Shot Blocked by Cameron Gaunce.
19:46 of 2nd period - Snap shot by Ben Smith.
19:46 of 2nd period - Shot Misses the Net.
Goals for this period are 2 for Lightning vs 1 for Panthers.
Shots for this period are 15 for Lightning vs 9 for Panthers.
3rd period
0:01 of 3rd period - Evgeni Malkin wins face-off versus Chris Bourque in neutral zone.
0:01 of 3rd period - Evgeni Malkin is hit by Chris Bourque.
0:29 of 3rd period - Icing by Drew Stafford.
0:30 of 3rd period - Brian Flynn wins face-off versus Patrice Bergeron in Panthers zone.
0:30 of 3rd period - Brian Flynn is hit by Brock Boeser.
0:54 of 3rd period - Drew Stafford is hit by Michael Kostka and loses puck.
1:11 of 3rd period - Minor Penalty to Patrice Bergeron for Tripping.
1:12 of 3rd period - Miro Aaltonen wins face-off versus Evgeni Malkin in Lightning zone.
3:11 of 3rd period - Penalty to Patrice Bergeron is over, Patrice Bergeron is back on ice.
3:36 of 3rd period - Slapshot by Will Butcher.
3:36 of 3rd period - Deflect By Drew Stafford.
3:36 of 3rd period - Shot Misses the Net.
3:36 of 3rd period - Puck is out of play.
3:37 of 3rd period - Patrice Bergeron wins face-off versus Daultan Leveillé in Lightning zone.
4:09 of 3rd period - Snap shot by Evgeni Malkin.
4:09 of 3rd period - Shot Misses the Net.
4:11 of 3rd period - Slapshot by Victor Hedman.
4:11 of 3rd period - Stopped by Viktor Fasth without a rebound.
4:12 of 3rd period - Yanni Gourde wins face-off versus Alexander Semin in Panthers zone.
4:15 of 3rd period - Wrist shot by Brendan Lemieux.
4:15 of 3rd period - Stopped by Viktor Fasth without a rebound.
4:16 of 3rd period - Yanni Gourde wins face-off versus Daultan Leveillé in Panthers zone.
4:17 of 3rd period - Slapshot by Ben Smith.
4:17 of 3rd period - Stopped by Viktor Fasth with a rebound.
4:21 of 3rd period - Snap shot by Brendan Lemieux.
4:21 of 3rd period - Goal by Brendan Lemieux - Lightning : 3 - Panthers : 5.
4:22 of 3rd period - Brian Flynn wins face-off versus Yanni Gourde in neutral zone.
4:27 of 3rd period - Slapshot by Brian Flynn.
4:27 of 3rd period - Shot Blocked by Brent Seabrook.
4:51 of 3rd period - Wrist shot by Evgeni Malkin.
4:51 of 3rd period - Stopped by Viktor Fasth with a rebound.
4:53 of 3rd period - Slapshot by Shayne Gostisbehere.
4:53 of 3rd period - Shot Misses the Net.
4:55 of 3rd period - Slapshot by Shayne Gostisbehere.
4:55 of 3rd period - Goal by Shayne Gostisbehere - Lightning : 4 - Panthers : 5.
4:56 of 3rd period - Ben Smith wins face-off versus Brian Flynn in neutral zone.
4:59 of 3rd period - Shea Weber is hit by John Carlson and loses puck.
5:32 of 3rd period - Snap shot by Kris Versteeg.
5:32 of 3rd period - Deflect By Miro Aaltonen.
5:32 of 3rd period - Stopped by Jimmy Howard without a rebound.
5:33 of 3rd period - Yanni Gourde wins face-off versus Brian Flynn in Lightning zone.
5:44 of 3rd period - Wrist shot by Will Butcher.
5:44 of 3rd period - Stopped by Jimmy Howard without a rebound.
5:45 of 3rd period - Evgeni Malkin wins face-off versus Brian Flynn in Lightning zone.
5:45 of 3rd period - Evgeni Malkin is hit by Chris Bourque.
5:51 of 3rd period - Brian Flynn is hit by John Carlson and loses puck.
6:01 of 3rd period - Minor Penalty to Brent Seabrook for Interference.
6:02 of 3rd period - Evgeni Malkin wins face-off versus Miro Aaltonen in Lightning zone.
6:10 of 3rd period - Snap shot by Will Butcher.
6:10 of 3rd period - Shot Blocked by Evgeni Malkin.
6:12 of 3rd period - Slapshot by Will Butcher.
6:12 of 3rd period - Stopped by Jimmy Howard without a rebound.
6:13 of 3rd period - Evgeni Malkin wins face-off versus Miro Aaltonen in Lightning zone.
8:01 of 3rd period - Penalty to Brent Seabrook is over, Brent Seabrook is back on ice.
8:01 of 3rd period - Wrist shot by Alex Killorn.
8:01 of 3rd period - Shot Misses the Net.
8:13 of 3rd period - Cameron Gaunce is hit by Jimmy Vesey and loses puck.
8:18 of 3rd period - Wrist shot by Jimmy Vesey.
8:18 of 3rd period - Stopped by Viktor Fasth with a rebound.
8:20 of 3rd period - Slapshot by Patrice Bergeron.
8:20 of 3rd period - Stopped by Viktor Fasth with a rebound.
8:22 of 3rd period - Slapshot by Patrice Bergeron.
8:22 of 3rd period - Stopped by Viktor Fasth without a rebound.
8:23 of 3rd period - Antoine Vermette wins face-off versus Daultan Leveillé in Panthers zone.
8:33 of 3rd period - Minor Penalty to Antoine Vermette for Holding.
8:34 of 3rd period - Evgeni Malkin wins face-off versus Miro Aaltonen in Lightning zone.
8:38 of 3rd period - Wrist shot by Blake Geoffrion.
8:38 of 3rd period - Goal by Blake Geoffrion - Lightning : 4 - Panthers : 6.
8:39 of 3rd period - Brian Flynn wins face-off versus Yanni Gourde in neutral zone.
8:46 of 3rd period - Wrist shot by Chris Bourque.
8:46 of 3rd period - Goal by Chris Bourque - Lightning : 4 - Panthers : 7.
8:47 of 3rd period - Evgeni Malkin wins face-off versus Brian Flynn in neutral zone.
8:49 of 3rd period - Minor Penalty to Kasperi Kapanen for Slashing.
8:50 of 3rd period - Evgeni Malkin wins face-off versus Miro Aaltonen in Lightning zone.
9:02 of 3rd period - Snap shot by Miro Aaltonen.
9:02 of 3rd period - Goal by Miro Aaltonen - Lightning : 4 - Panthers : 8.
9:03 of 3rd period - Kasperi Kapanen wins face-off versus Brian Flynn in neutral zone.
9:39 of 3rd period - Snap shot by Blake Geoffrion.
9:39 of 3rd period - Shot Blocked by Brendan Lemieux.
9:41 of 3rd period - Snap shot by Miro Aaltonen.
9:41 of 3rd period - Shot Misses the Net.
9:59 of 3rd period - Wrist shot by Daultan Leveillé.
9:59 of 3rd period - Shot Misses the Net.
10:01 of 3rd period - Snap shot by Daultan Leveillé.
10:01 of 3rd period - Stopped by Jimmy Howard without a rebound.
10:02 of 3rd period - Brian Flynn wins face-off versus Evgeni Malkin in Lightning zone.
10:15 of 3rd period - John Carlson is hit by Niklas Hansson and loses puck.
12:50 of 3rd period - Wrist shot by Drew Stafford.
12:50 of 3rd period - Shot Misses the Net.
12:52 of 3rd period - Snap shot by Drew Stafford.
12:52 of 3rd period - Shot Misses the Net.
12:54 of 3rd period - Slapshot by Morgan Ellis.
12:54 of 3rd period - Stopped by Jimmy Howard with a rebound.
13:34 of 3rd period - Snap shot by Kris Versteeg.
13:34 of 3rd period - Shot Blocked by Antoine Vermette.
13:36 of 3rd period - Slapshot by John Draeger.
13:36 of 3rd period - Shot Blocked by Jesper Fast.
13:38 of 3rd period - Backhand shot by Miro Aaltonen.
13:38 of 3rd period - Deflect By Blake Geoffrion.
13:38 of 3rd period - Shot Blocked by Antoine Vermette.
13:38 of 3rd period - Puck is out of play.
13:39 of 3rd period - Miro Aaltonen wins face-off versus Evgeni Malkin in Lightning zone.
14:06 of 3rd period - Shayne Gostisbehere is hit by Josh Jooris and loses puck.
15:05 of 3rd period - Jesper Fast is hit by Josh Jooris and loses puck.
15:14 of 3rd period - Jesper Fast is hit by Niklas Hansson and loses puck.
15:26 of 3rd period - Niklas Hansson is hit by John Carlson and loses puck.
15:31 of 3rd period - Snap shot by John Carlson.
15:31 of 3rd period - Stopped by Viktor Fasth with a rebound.
15:33 of 3rd period - Slapshot by Brent Seabrook.
15:33 of 3rd period - Deflect By Antoine Vermette.
15:33 of 3rd period - Deflect By Will Butcher.
15:33 of 3rd period - Shot Hit the Post.
15:33 of 3rd period - Puck is out of play.
15:34 of 3rd period - Evgeni Malkin wins face-off versus Miro Aaltonen in Panthers zone.
16:01 of 3rd period - Minor Penalty to Thomas Vanek for Hooking.
16:02 of 3rd period - Evgeni Malkin wins face-off versus Brian Flynn in Panthers zone.
17:31 of 3rd period - Daultan Leveillé is hit by Brock Boeser and loses puck.
18:01 of 3rd period - Penalty to Thomas Vanek is over, Thomas Vanek is back on ice.
18:16 of 3rd period - Snap shot by Alex Killorn.
18:16 of 3rd period - Shot Misses the Net.
18:33 of 3rd period - Patrice Bergeron is hit by Drew Stafford and loses puck.
19:02 of 3rd period - Evgeni Malkin is hit by Josh Jooris and loses puck.
19:15 of 3rd period - Blake Geoffrion is hit by Brendan Lemieux and loses puck.
19:26 of 3rd period - Brent Seabrook is hit by Will Butcher and loses puck.
19:58 of 3rd period - Minor Penalty to Alex Killorn for Goalie Interference.
19:59 of 3rd period - Evgeni Malkin wins face-off versus Miro Aaltonen in Lightning zone.
Goals for this period are 2 for Lightning vs 3 for Panthers.
Shots for this period are 10 for Lightning vs 8 for Panthers.